 Dungeon Crawl Stone Soup version 0.27.1-33-g824d729ab1 (webtiles) character file.

Game seed: 8029418842714251124

65 Kinoniko the Chopper (level 3, -1/31 HPs)
             Began as a Minotaur Fighter on Dec 14, 2021.
             Slain by Natasha (8 damage)
             ... on level 2 of the Dungeon.
             The game lasted 00:00:55 (988 turns).

Kinoniko the Chopper (Minotaur Fighter)              Turns: 988, Time: 00:00:55

Health: -1/31      AC:  0    Str: 21    XL:     3   Next: 92%
Magic:  2/2        EV: 17    Int:  5    God:
Gold:   48         SH:  0    Dex: 14    Spells: 2/2 levels left

rFire    . . .     SeeInvis .   (weapon currently unavailable)
rCold    . . .     Faith    .   (shield currently unavailable)
rNeg     . . .     Spirit   .   (armour currently unavailable)
rPois    .         Reflect  .   (helmet currently unavailable)
rElec    .         Harm     .   (cloak currently unavailable)
rCorr    .         Rampage  .   (gloves currently unavailable)
Will     .....                  (boots currently unavailable)
Stlth    +.........             (no amulet)
HPRegen  0.10/turn              (ring currently unavailable)
MPRegen  0.08/turn              (ring currently unavailable)

@: bat-form, flying, slowed, quick
A: fast, flying, no casting, tiny, (horns 2), (retaliatory headbutt)
a: no special abilities


You were on level 2 of the Dungeon.
You were a bat.
You visited 1 branch of the dungeon, and saw 2 of its levels.

You collected 48 gold pieces.

Inventory:

Hand Weapons
 a - a +0 war axe (melded)
Armour
 b - a +0 scale mail (melded)
 c - a +0 kite shield (melded)
Scrolls
 e - a scroll of identify {unknown}
 f - a scroll of vulnerability {unknown}
 g - 3 scrolls of enchant weapon {unknown}
Potions
 d - a potion of might


   Skills:
 - Level 3.6 Fighting
 * Level 4.5 Axes
 - Level 3.6 Armour
 + Level 4.4 Shields


You had 2 spell levels left.
You didn't know any spells.
Your spell library was empty.

Dungeon Overview and Level Annotations

Branches:
Dungeon (2/15)

Altars:

Shops:
D:1 *

Annotations:
D:2 Natasha


Innate Abilities, Weirdness & Mutations

You are a bat.
You are tiny and dextrous.
You move quickly.
You are flying.
Your equipment is almost entirely melded.
You are incapable of wielding weapons or throwing items.
You cannot cast spells.
((You have a pair of horns on your head.))
((You reflexively headbutt those who attack you in melee.))


Message History

Natasha, Servant of Life and Death comes into view.
She is carrying a wand of polymorph (8).
Natasha is nearby!
Natasha stares at you and mumbles some strange words.
The magic dart hits you!
There is a stone staircase leading up here.
You closely miss Natasha.
Natasha drinks a potion.
Natasha suddenly seems more resistant.
You closely miss Natasha. Your headbutt misses Natasha.
Natasha claws you but does no damage.
Natasha zaps a wand.
You resist with significant effort.
You hit Natasha. Your headbutt misses Natasha.
Natasha is moderately wounded.
Natasha claws you but does no damage.
You hit Natasha.
Natasha is heavily wounded.
Natasha casts a spell at you. You resist with significant effort.
Natasha stares at you and mumbles some strange words.
You feel yourself slow down.
You hit Natasha but do no damage.
Natasha is heavily wounded.
You block Natasha's attack.
Natasha mumbles some strange words.
Natasha glows brightly for a moment.
Natasha claws you.
You barely miss Natasha.
Natasha is heavily wounded.
Natasha zaps a wand.
You resist with significant effort. You block Natasha's attack.
You barely miss Natasha.
Natasha is heavily wounded.
Natasha claws you. x2
* * * LOW HITPOINT WARNING * * *
Natasha zaps a wand.
You turn into a bat.
Your +0 war axe melds into your body.
Your +0 kite shield melds into your body.
Your +0 scale mail melds into your body.
You hit Natasha but do no damage.
Natasha is heavily wounded.
Natasha claws you!
You die...

### #####
#...##...##
#..........###
...>.........
.........$..#
!...........#
#........h..#
#....#..b#
##.....##
#...<...#
#....#?...#
#.†.)....##
#....###...
#....# ....
#..... .#...
.....## #..


You could see Natasha (resistant).

Vanquished Creatures
  Natasha (D:2)
  An adder (D:2)
  2 dart slugs (D:1)
  5 ball pythons (D:1)
  A bat (D:1)
  2 endoplasms (D:1)
  A goblin (D:2)
  2 jackals (D:1)
  3 kobolds (D:1)
  A quokka (D:1)
  4 frilled lizards (D:1)
  4 rats
27 creatures vanquished.

Notes
Turn   | Place    | Note
-------+----------+-------------------------------------------
     0 | D:1      | Kinoniko the Minotaur Fighter began the quest for the Orb.
     0 | D:1      | Reached XP level 1. HP: 19/19 MP: 0/0
   317 | D:1      | Reached XP level 2. HP: 13/26 MP: 1/1
   694 | D:1      | Found Ived's General Store.
   931 | D:1      | Found a faded altar of an unknown god.
   961 | D:2      | Noticed Natasha
   964 | D:2      | Reached XP level 3. HP: 31/31 MP: 2/2
   969 | D:2      | Killed Natasha
   977 | D:2      | Noticed Natasha
   988 | D:2      | Slain by Natasha

Illustrated notes

Levels and vault maps discovered:
D:1:      ncdulo_wetmaze, layout_rooms, ebering_ecumenical_altar_rust,
          serial_shops, nicolae_shop_behind_doors, minmay_splitting_lines,
          kennysheep_nondescript
D:2:      layout_rooms, uniq_robin, uniq_natasha

Skill      XL: |  1  2  3 |
---------------+----------+-----
Axes           | 3 4 |  4.5
Shields        | 4 |  4.4
Fighting       | |  3.6
Armour         | |  3.6

Action                   || total
-------------------------++-------
Melee: War axe           ||    85
       Headbutt          ||    10
       Unarmed           ||     1
Armor: Scale mail        ||    27
Dodge: Dodged            ||    32
Block: Kite shield       ||    49
